 Dungeon Crawl Stone Soup version 0.19.1 (webtiles) character file.

61154 CanadianGator the Black Belt (level 14, -23/125 HPs)
             Began as a Minotaur Monk on Dec 8, 2016.
             Was the Champion of Cheibriados.
             Blown up by an orb spider (45 damage)
             ... with an orb of destruction
             ... on level 1 of the Spider Nest on Dec 9, 2016.
             The game lasted 01:06:56 (18586 turns).

CanadianGator the Black Belt (Minotaur Monk)       Turns: 18586, Time: 01:06:57

Health: -23/125    AC: 21    Str: 39    XL:     14   Next: 59%
Magic:  19/19      EV: 22    Int: 22    God:    Cheibriados [******]
Gold:   1751       SH:  0    Dex: 39    Spells: 1 memorised, 5 levels left

rFire  . . .     SeeInvis .       - Unarmed
rCold  . . .     Gourm    .     x - +0 plate armour
rNeg   + . .     Faith    .     (no shield)
rPois  +         Spirit   .     (helmet unavailable)
rElec  .         Reflect  .     (no cloak)
rCorr  .         Harm     .     (no gloves)
MR     ++...                    a - +0 pair of boots
Stlth  ..........               (no amulet)
                                s - +2 ring of protection
                                u - ring of Levity {*Corrode rPois rN+ Str+6 Stlth-}

@: very slow
A: retaliatory headbutt, horns 3, slimy green scales 2, thin skeletal structure
1, agile 2, blurry vision 2, magic resistance 1, poison resistance, strong 1,
evolution 1
a: Bend Time, Temporal Distortion, Slouch, Step From Time, Renounce Religion


You were on level 1 of the Spider Nest.
You worshipped Cheibriados.
Cheibriados was exalted by your worship.
You were not hungry.

You visited 4 branches of the dungeon, and saw 21 of its levels.

You collected 1751 gold pieces.

Inventory:

Armour
 a - a +0 pair of boots (worn)
 x - a +0 plate armour (worn)
Jewellery
 g - an uncursed ring of flight
 i - an uncursed ring of protection from fire
 l - an uncursed ring of see invisible
 s - a +2 ring of protection (right hand)
 u - the ring of Levity (left hand) {*Corrode rPois rN+ Str+6 Stlth-}
   (You found it on level 4 of the Dungeon)

   [ring of loudness]

   It affects your strength (+6).
   It protects you from poison.
   It protects you from negative energy.
   It may corrode you when you take damage.
   It makes you less stealthy.
 A - an uncursed ring of protection from cold
 H - an uncursed ring of ice
Wands
 q - a wand of acid (0/15)
 r - a wand of confusion (27/48)
 z - a wand of slowing (1/48)
 C - a wand of lightning (8/15)
 F - a wand of polymorph (8/24)
 M - a wand of disintegration (6/24)
 N - a wand of confusion (38/48)
 P - a wand of iceblast (0/15)
Scrolls
 e - 2 scrolls of fog
 k - 6 scrolls of remove curse
 p - a scroll of brand weapon
 t - a scroll of enchant armour
 w - a scroll of immolation
 y - 5 scrolls of magic mapping
 B - 4 scrolls of fear
 E - a scroll of amnesia
 I - 3 scrolls of teleportation
 R - 2 scrolls of silence
 T - a scroll of torment {unknown}
Potions
 c - a potion of brilliance
 d - 2 potions of might
 f - 4 potions of lignification
 h - a potion of magic
 m - 2 potions of invisibility
 n - 7 potions of curing
 o - 3 potions of ambrosia
 G - 2 potions of cure mutation
 Q - 3 potions of flight
Books
 D - a Necronomicon

   Spells                             Type                      Level
   a - Haunt                          Necromancy/Summoning         7
   b - Borgnjor's Revivification      Necromancy                   8
   c - Death's Door                   Charms/Necromancy            8
   d - Infestation                    Necromancy                   8
   e - Necromutation                  Transmutation/Necromancy     8
Miscellaneous
 W - a phantom mirror
Comestibles
 b - 21 bread rations
 j - 5 fruits
 K - 2 slices of pizza
 L - 8 beef jerkies
 O - 8 meat rations


   Skills:
 + Level 11.8 Fighting
 + Level 11.6 Armour
 + Level 10.9 Dodging
 - Level 1.5 Stealth
 * Level 15.4 Unarmed Combat
 + Level 6.2 Transmutations
 + Level 8.1 Invocations
 + Level 8.4 Evocations


You had 5 spell levels left.
You knew the following spells:

 Your Spells              Type           Power        Failure   Level  Hunger
a - Necromutation         Tmut/Necr      ##........   100%        8    #######


Dungeon Overview and Level Annotations

Branches:
Dungeon (15/15)            Temple (1/1) D:7            Lair (4/6) D:9
 Shoals (0/4) Lair:4       Spider (1/4) Lair:4          Orc (0/2) D:10
 Vaults (0/5) D:14         Depths (0/5) D:15

Altars:
Ashenzari
Cheibriados
Dithmenos
Elyvilon
Fedhas
Gozag
Hepliaklqana
Kikubaaqudgha
Makhleb
Nemelex Xobeh
Okawaru
Qazlal
Ru
Sif Muna
Trog
Uskayaw
Vehumet
Xom
Yredelemnul
Zin
The Shining One

Shops:
D:8 *


Innate Abilities, Weirdness & Mutations

You reflexively headbutt those who attack you in melee.
You have a pair of large horns on your head.
You are mostly covered in slimy green scales. (AC +3)
You have a somewhat thin skeletal structure. (Dex +2, Stealth)
You are very agile. (Dex +4)
Scrolls take you longer to read.
You are resistant to hostile enchantments. (MR+)
Your system is resistant to poisons. (rPois)
Your muscles are strong. (Str +2)
You evolve.


Message History

Cheibriados thoroughly appreciates the change of pace.
The redback misses you. You furiously retaliate!
You headbutt the redback! You closely miss the redback.
The redback is moderately wounded.
The redback closely misses you. You furiously retaliate!
You headbutt the redback! You hit the redback.
You kill the redback!
Cheibriados thoroughly appreciates the change of pace.
The orb spider pulsates with a strange energy.
You see here a tarantella corpse.
The orb spider weaves a glowing orb of energy.
An orb of destruction comes into view.
The wavering orb of destruction hits you!
* * * LOW HITPOINT WARNING * * *
The orb spider pulsates with a strange energy.
The orb spider weaves a glowing orb of energy.
An orb of destruction comes into view.
The orb of destruction hits you!
You die...

..###.#...####.
..#..........#
............# ...
#..........# ...
##......s...#
.... #......§...#
...##......§..#
#.......§...#
##......@..##
#.††......#
#........##
###.#......#
##..#####..##
###.....####..#
#..........#.##
#...........†..#
#..............##


You could see an orb spider.

Vanquished Creatures
  Rupert (Lair:3)
  2 entropy weavers (Lair:4)
  Josephine (D:10)
  Snorg (D:10)
  A yaktaur captain (D:14)
  4 hydras
  Erica (D:8)
  4 centaur warriors
  A catoblepas (D:14)
  The ghost of vilehermit the Basher, a novice TrBe of Trog (D:8)
  An ogre mage (D:15)
  The ghost of thesun the Cleaver, a novice HOFi of Beogh (D:9)
  A tengu warrior (D:15)
  A queen ant (Lair:4)
  Sonja (Lair:1)
  The ghost of FortunaImperatrix the Cudgeler, a novice MiHu of Okawaru (D:7)
  3 skeletal warriors (D:13)
  An unseen horror (D:12)
  2 hill giants (D:11)
  An orc knight (D:15)
  2 wizards
  A wolf spider zombie (D:15)
  2 orc sorcerers (D:15)
  2 manticores
  3 cyclopes
  16 ugly things
  Joseph (D:10)
  A naga mage (D:15)
  2 centaur skeletons
  A gargoyle (D:15)
  3 spiny frogs
  3 kobold demonologists
  2 yaktaurs (D:14)
  A rime drake (Lair:4)
  A demonic crawler (Spider:1)
  2 komodo dragons
  A jumping spider (Spider:1)
  A troll (D:11)
  7 polar bears
  The ghost of Duelies the Chopper, an amateur CeFi (D:4)
  5 slime creatures (D:12)
  6 two-headed ogres
  A two-headed ogre (shapeshifter) (D:15)
  6 hippogriffs
  A meliai zombie (D:14)
  A redback (Spider:1)
  A shadow (D:11)
  2 tarantellas (Spider:1)
  25 yaks
  9 wraiths
  A fire bat (shapeshifter) (D:15)
  2 wyverns
  2 basilisks
  3 hungry ghosts
  4 vampire mosquitoes (D:14)
  15 soldier ants (Lair:4)
  4 water moccasins
  3 porcupines
  4 ice beasts
  3 orc warriors
  12 black bears
  5 sky beasts
  3 phantoms
  12 centaurs
  5 ogres
  8 crocodiles
  4 wolves
  3 big kobolds
  11 bullfrogs
  3 elf zombies (D:15)
  A wyvern skeleton (D:14)
  5 scorpions
  A water moccasin skeleton (D:11)
  7 wights
  15 killer bees
  2 electric eels (D:13)
  3 howler monkeys (D:11)
  8 crimson imps
  2 bullfrog zombies
  4 quasits
  2 centaur zombies
  5 human zombies (D:15)
  8 orc priests
  6 jellies
  6 hounds
  7 iguanas
  2 bullfrog skeletons
  Natasha (thrice) (D:3)
  12 orc wizards
  25 worker ants
  A hound skeleton (D:6)
  2 howler monkey zombies
  3 gnolls (D:7)
  10 adders
  4 shadow imps
  2 oozes
  An adder zombie (D:5)
  2 adder skeletons (D:9)
  2 worms
  2 dart slugs (D:1)
  10 leopard geckos
  49 orcs
  3 bat zombies (D:2)
  9 giant cockroaches
  18 goblins
  9 hobgoblins
  10 jackals
  7 quokkas
  3 ball pythons
  11 bats
  4 frilled lizards
  16 kobolds
  A leopard gecko skeleton (D:7)
  A leopard gecko zombie (D:7)
  An orc zombie (D:15)
  A quokka skeleton (D:4)
  A quokka zombie (D:6)
  3 rats
  A rat zombie (D:2)
558 creatures vanquished.

Vanquished Creatures (others)
  2 fungi
  A plant (Lair:1)
3 creatures vanquished.

Grand Total: 561 creatures vanquished

Notes
Turn   | Place    | Note
-------+----------+-------------------------------------------
     0 | D:1      | CanadianGator the Minotaur Monk began the quest for the Orb.
     0 | D:1      | Reached XP level 1. HP: 19/19 MP: 0/0
    75 | D:1      | Reached XP level 2. HP: 9/27 MP: 1/1
   472 | D:1      | Reached skill level 1 in Armour
   709 | D:1      | Reached skill level 4 in Unarmed Combat
  1009 | D:2      | Found an opulent altar of Gozag.
  1021 | D:2      | Reached XP level 3. HP: 23/33 MP: 2/2
  1294 | D:2      | Found an ancient bone altar of Kikubaaqudgha.
  1690 | D:2      | Reached XP level 4. HP: 40/40 MP: 3/3
  1917 | D:3      | Noticed Natasha
  1921 | D:3      | Killed Natasha
  1928 | D:3      | Reached skill level 5 in Unarmed Combat
  1928 | D:3      | Reached XP level 5. HP: 46/46 MP: 4/4
  1945 | D:3      | Noticed Natasha
  1953 | D:3      | Killed Natasha
  2188 | D:3      | Found an iron altar of Okawaru.
  2200 | D:3      | Reached XP level 6. HP: 52/53 MP: 5/5
  2325 | D:3      | Found a glowing golden altar of the Shining One.
  2335 | D:3      | Found a faded altar of an unknown god.
  2394 | D:3      | Noticed Natasha
  2398 | D:3      | Killed Natasha
  2425 | D:3      | Found a sacrificial altar of Ru.
  2914 | D:4      | Reached skill level 6 in Unarmed Combat
  2924 | D:4      | Noticed Duelies's ghost (amateur CeFi)
  2939 | D:4      | Killed Duelies's ghost
  2939 | D:4      | Reached skill level 5 in Fighting
  2939 | D:4      | Reached XP level 7. HP: 46/61 MP: 6/6
  3267 | D:4      | Found a radiant altar of Vehumet.
  3279 | D:4      | Reached skill level 5 in Dodging
  3353 | D:4      | Reached skill level 7 in Unarmed Combat
  3418 | D:4      | Got a faintly glowing wooden ring
  3420 | D:4      | Identified the ring of Levity {*Corrode rPois rN+ Str+6 Stlth-} (You found it on level 4 of the Dungeon)
  3675 | D:5      | Entered Level 5 of the Dungeon
  3744 | D:5      | Found a faded altar of an unknown god.
  3744 | D:5      | Found a faded altar of an unknown god.
  3750 | D:5      | Found a faded altar of an unknown god.
  3752 | D:5      | Found a faded altar of an unknown god.
  3754 | D:5      | Found a stormy altar of Qazlal.
  4174 | D:5      | Reached XP level 8. HP: 62/70 MP: 7/7
  4634 | D:6      | Gained mutation: You are agile. (Dex +2) [potion of mutation]
  4634 | D:6      | Gained mutation: You evolve. [potion of mutation]
  4634 | D:6      | Gained mutation: You tend to lose your temper in combat. [potion of mutation]
  4768 | D:6      | Reached skill level 5 in Armour
  4768 | D:6      | Reached skill level 8 in Unarmed Combat
  4918 | D:6      | Reached skill level 1 in Evocations
  5494 | D:7      | Found a staircase to the Ecumenical Temple.
  5516 | D:7      | Reached skill level 9 in Unarmed Combat
  5519 | D:7      | Reached XP level 9. HP: 25/78 MP: 9/9
  5523 | D:7      | Gained mutation: You are partially covered in slimy green scales. (AC +2) [mutagenic meat]
  5526 | D:7      | Gained mutation: You are robust. (+10% HP) [mutagenic meat]
  5548 | Temple   | Entered the Ecumenical Temple
  5588 | Temple   | Became a worshipper of Cheibriados the Contemplative
  5588 | Temple   | Reached * piety under Cheibriados
  5588 | Temple   | Reached ** piety under Cheibriados
  5877 | D:7      | Found a shattered altar of Ashenzari.
  5974 | D:7      | Gained mutation: You are very agile. (Dex +4) [evolution]
  6224 | D:7      | Found a blossoming altar of Fedhas.
  6226 | D:7      | Noticed FortunaImperatrix's ghost (novice MiHu)
  6233 | D:7      | Killed FortunaImperatrix's ghost
  6723 | D:7      | Reached skill level 1 in Invocations
  6879 | D:7      | You fall through a shaft for 2 floors!
  6935 | D:9      | Reached skill level 10 in Unarmed Combat
  6941 | D:9      | Noticed thesun's ghost (novice HOFi)
  6945 | D:9      | Reached *** piety under Cheibriados
  6966 | D:9      | Reached XP level 10. HP: 79/96 MP: 11/11
  6990 | D:9      | Killed thesun's ghost
  7202 | D:9      | Found a staircase to the Lair.
  7448 | D:9      | Learned a level 8 spell: Necromutation
  7553 | D:9      | Found a sacrificial altar of Ru.
  7747 | D:8      | Noticed Erica
  7760 | D:8      | Killed Erica
  7760 | D:8      | Reached skill level 11 in Unarmed Combat
  7775 | D:8      | Reached **** piety under Cheibriados
  7817 | D:8      | Found Uvele's Assorted Antiques.
  7895 | D:8      | Noticed vilehermit's ghost (novice TrBe)
  7909 | D:8      | Killed vilehermit's ghost
  7909 | D:8      | Reached skill level 1 in Transmutations
  7992 | D:8      | Found a burning altar of Makhleb.
  8054 | D:8      | Lost mutation: You tend to lose your temper in combat. [evolution]
  8125 | D:8      | Found a sparkling altar of Nemelex Xobeh.
  8160 | D:8      | Found a hide-covered altar of Uskayaw.
  8283 | D:10     | Entered Level 10 of the Dungeon
  8316 | D:10     | Noticed Snorg
  8329 | D:10     | Killed Snorg
  8329 | D:10     | Reached XP level 11. HP: 104/104 MP: 13/13
  8338 | D:10     | Noticed Joseph
  8356 | D:10     | Killed Joseph
  8356 | D:10     | Reached skill level 5 in Evocations
  8376 | D:10     | Found a staircase to the Orcish Mines.
  8416 | D:10     | Noticed Josephine
  8426 | D:10     | Killed Josephine
  8507 | D:10     | Reached skill level 12 in Unarmed Combat
  8534 | D:10     | Reached ***** piety under Cheibriados
  9185 | D:11     | Noticed a hill giant
  9188 | D:11     | Noticed a hill giant
  9190 | D:11     | Killed a hill giant
  9196 | D:11     | Killed a hill giant
  9219 | D:11     | Gained mutation: You are resistant to hostile enchantments. (MR+) [potion of beneficial mutation]
  9656 | D:11     | Learned a level 8 spell: Necromutation
  9749 | D:12     | Noticed a cyan ugly thing
  9758 | D:12     | Killed a cyan ugly thing
  9769 | D:12     | Lost mutation: You are robust. (+10% HP) [mutagenic meat]
  9777 | D:12     | Noticed a red ugly thing
  9783 | D:12     | Killed a red ugly thing
  9925 | D:12     | Noticed a sun demon
  9932 | D:12     | Reached skill level 5 in Invocations
  9932 | D:12     | Reached XP level 12. HP: 71/104 MP: 15/15
  9938 | D:12     | Reached ****** piety under Cheibriados
 10351 | D:12     | Reached skill level 13 in Unarmed Combat
 10843 | D:13     | Noticed a six-headed hydra
 10847 | D:13     | Killed a six-headed hydra
 10858 | D:13     | Gained mutation: Your spells are a little harder to cast, but a little more powerful. [mutagenic meat]
 10911 | D:13     | Noticed a centaur warrior
 10916 | D:13     | Killed a centaur warrior
 11014 | D:13     | Reached skill level 10 in Armour
 11021 | D:13     | Reached skill level 10 in Fighting
 11163 | D:13     | Gained mutation: You occasionally shout uncontrollably at your foes. [evolution]
 11478 | D:14     | Found a gate to the Vaults.
 11478 | D:14     | Noticed a yaktaur captain
 11486 | D:14     | Killed a yaktaur captain
 11748 | D:14     | Found an iron altar of Okawaru.
 11839 | D:14     | Found an opulent altar of Gozag.
 11899 | D:14     | Noticed a catoblepas
 11921 | D:14     | Killed a catoblepas
 11921 | D:14     | Reached XP level 13. HP: 58/114 MP: 17/17
 12426 | D:14     | Gained mutation: Your system is resistant to poisons. (rPois) [mutagenic meat]
 12427 | D:14     | Gained mutation: You are weak. (Str -2) [mutagenic meat]
 12428 | D:14     | Gained mutation: You are mostly covered in slimy green scales. (AC +3) [mutagenic meat]
 12432 | D:14     | Lost mutation: Your spells are a little harder to cast, but a little more powerful. [mutagenic meat]
 12434 | D:14     | Gained mutation: Scrolls take you a little longer to read. [mutagenic meat]
 12435 | D:14     | Gained mutation: You have a somewhat thin skeletal structure. (Dex +2, Stealth) [mutagenic meat]
 12451 | D:14     | Reached skill level 14 in Unarmed Combat
 13033 | D:15     | Entered Level 15 of the Dungeon
 13164 | D:15     | Lost mutation: You are weak. (Str -2) [mutagenic meat]
 13166 | D:15     | Gained mutation: Scrolls take you longer to read. [mutagenic meat]
 13169 | D:15     | Reached skill level 10 in Dodging
 13829 | D:15     | Lost mutation: You occasionally shout uncontrollably at your foes. [evolution]
 13844 | D:15     | Reached skill level 5 in Transmutations
 13901 | D:15     | Gained mutation: You have a pair of large horns on your head. [mutagenic meat]
 13907 | D:15     | Gained mutation: Your body sometimes deteriorates upon taking damage. [mutagenic meat]
 13908 | D:15     | Gained mutation: Your muscles are strong. (Str +2) [mutagenic meat]
 14185 | D:15     | Found a basalt altar of Yredelemnul.
 14384 | D:15     | Found a staircase to the Depths.
 14665 | Lair:1   | Entered Level 1 of the Lair of Beasts
 14820 | Lair:1   | Reached XP level 14. HP: 124/124 MP: 18/18
 15043 | Lair:1   | Noticed Sonja
 15361 | Lair:1   | Lost mutation: Your body sometimes deteriorates upon taking damage. [evolution]
 15427 | Lair:1   | Killed Sonja
 16791 | Lair:2   | Reached skill level 15 in Unarmed Combat
 16839 | Lair:3   | Noticed Rupert
 16847 | Lair:3   | Killed Rupert
 17739 | Lair:4   | Found a hole to the Spider Nest.
 17851 | Lair:4   | Found a staircase to the Shoals.
 17970 | Lair:4   | Found a radiant altar of Vehumet.
 18000 | Lair:4   | Noticed an entropy weaver
 18010 | Lair:4   | Killed an entropy weaver
 18011 | Lair:4   | Noticed an entropy weaver
 18474 | Lair:4   | Killed an entropy weaver
 18514 | Spider:1 | Entered Level 1 of the Spider Nest
 18586 | Spider:1 | Blown up by an orb spider

Skill      XL: |  1  2  3  4  5  6  7  8  9 10 11 12 13 14 |
---------------+-------------------------------------------+-----
Armour         | 1 2 3 4 6 7 8 9 10 11 | 11.6
Unarmed Combat | 4 5 6 7 9 10 11 12 13 14 15 | 15.4
Fighting       | 4 5 6 7 8 9 10 11 | 11.8
Dodging        | 4 5 6 7 8 9 10 | 10.9
Evocations     | 2 3 4 5 6 7 8 |  8.4
Invocations    | 2 3 5 6 7 8 |  8.1
Transmutations | 1 3 4 5 6 |  6.2
Stealth        | |  1.5

Action                   |  1- 3 |  4- 6 |  7- 9 | 10-12 | 13-15 || total
-------------------------+-------+-------+-------+-------+-------++-------
Melee: Unarmed           |   109 |   137 |   266 |   417 |   391 ||  1320
       Headbutt          |    14 |    20 |    73 |   154 |   170 ||   431
       Punch             |     3 |     1 |    10 |    30 |    34 ||    78
Invok: Temporal Distorti |       |       |       |     5 |       ||     5
       Step From Time    |       |       |       |       |     2 ||     2
       Slouch            |       |       |       |       |     1 ||     1
Evoke: Wand              |       |       |    34 |    54 |     6 ||    94
  Use: Scroll            |     5 |     1 |    11 |     9 |    10 ||    36
       Potion            |       |     1 |     2 |     1 |     4 ||     8
 Stab: Sleeping          |     1 |     1 |       |       |       ||     2
       Confused          |       |       |     1 |     1 |     1 ||     3
       Distracted        |       |       |       |       |     1 ||     1
       Held in net/web   |       |       |       |       |     3 ||     3
  Eat: Meat ration       |     1 |       |       |     1 |     2 ||     4
       Chunk             |       |       |    16 |     8 |    34 ||    58
       Beef jerky        |       |       |       |     1 |       ||     1
Armor: Robe              |     1 |       |       |       |       ||     1
       Leather armour    |    19 |    11 |       |       |       ||    30
       Skin              |       |    28 |       |       |       ||    28
       Chain mail        |       |    32 |   118 |    76 |       ||   226
       Plate armour      |       |       |       |    63 |   147 ||   210
Dodge: Dodged            |    80 |    61 |   127 |   350 |   401 ||  1019
